 Dungeon Crawl Stone Soup version 0.13.0-11-g0187522 (webtiles) character file.

1741 Leibowitz the Ducker (level 9, -2/51 (54) HPs)
             Began as a Kobold Fighter on Oct 18, 2013.
             Was a Priest of Trog.
             Slain by a giant frog (8 damage)
             ... on Level 6 of the Dungeon.
             The game lasted 00:23:25 (6463 turns).

Leibowitz the Ducker (Kobold Fighter)               Turns: 6463, Time: 00:23:25

HP  -2/51 (54)   AC  3     Str 16      XL: 9   Next: 24%
MP  10/10        EV 18     Int  6      God: Trog [***...]
Gold 22          SH 13     Dex 17      Spells:  0 memorised,  8 levels left

Res.Fire  : . . .   See Invis. : .   a - +1 dagger (venom)
Res.Cold  : . . .   Warding    : .   s - +0 leather armour
Life Prot.: . . .   Conserve   : .   c - +0 buckler
Res.Poison: .       Res.Corr.  : .   (no helmet)
Res.Elec. : .       Clarity    : .   (no cloak)
Sust.Abil.: . .     Spirit.Shd : .   (no gloves)
Res.Mut.  : +       Stasis     : .   (no boots)
Res.Rott. : .       Flight     : .   x - amulet of resist mutation {unknown}
Saprovore : + + .                    (no ring)
                                     (no ring)

@: regenerating, exhausted, slowed, weakened, very slow, very resistant to
hostile enchantments, very stealthy
A: disease resistance, carnivore 3, saprovore 2
a: Burn Spellbooks, Berserk, Trog's Hand, Renounce Religion


You were on level 6 of the Dungeon.
You worshipped Trog.
Trog was most pleased with you.
You were not hungry.

You visited 1 branch of the dungeon, and saw 6 of its levels.

You collected 223 gold pieces.
You spent 221 gold pieces at shops.

Inventory:

Hand weapons
 a - a +1,+1 dagger of venom (weapon)
 i - a +0,+0 short sword
 u - a +1,+2 spear of piercing (quivered)
 C - a +0,+0 sabre
 D - a +3,+1 elven short sword of draining
 E - a +1,+1 dwarven short sword
 H - a +0,+2 orcish dagger of protection
Missiles
 e - 7 needles of paralysis
 y - 4 curare-tipped needles
Armour
 c - a +0 buckler (worn)
 s - a +0 leather armour (worn)
Magical devices
 b - a wand of slowing (13)
 g - a wand of disintegration (7)
 q - a wand of draining (6)
 v - a wand of digging (9)
Comestibles
 d - a meat ration
 F - a slice of pizza
Scrolls
 f - a scroll of amnesia {unknown}
 h - 2 scrolls of enchant armour {unknown}
 j - 4 scrolls of remove curse {unknown}
 k - 2 scrolls of enchant weapon I {unknown}
 l - 4 scrolls of identify {unknown}
 m - a scroll of random uselessness {unknown}
 n - 2 scrolls of blinking {unknown}
 o - 2 scrolls of curse armour {unknown}
 p - a scroll of magic mapping {unknown}
 r - 2 scrolls of noise {unknown}
 t - a scroll of curse jewellery {unknown}
 w - a scroll of recharging {unknown}
 A - a scroll of curse weapon {unknown}
 B - a scroll of immolation {unknown}
Jewellery
 x - an amulet of resist mutation (around neck) {unknown}
Potions
 z - a potion of agility
 G - a potion of curing


   Skills:
 * Level 5.5 Fighting
 + Level 4.7 Short Blades
 + Level 3.4 Armour
 * Level 7.6 Dodging
 * Level 6.8 Stealth
 * Level 4.6 Shields
 + Level 1.3 Evocations


You had 8 spell levels left.
You didn't know any spells.

Dungeon Overview and Level Annotations

Branches:
Dungeon (6/27)
 Temple: D:4-7          Orc: D:6-11

Altars:
Fedhas
Makhleb
Sif Muna
Trog
the Shining One

Shops:
D:4 **   D:6 [


Innate Abilities, Weirdness & Mutations

You recuperate from illness quickly.
You are small and have problems with some larger weapons.
You are carnivorous and can eat meat at any time.
You can eat rotten meat.


Message History

The orange demon misses you.
Drink which item? (? for menu, Esc to quit)
You feel better. You block the giant frog's attack.
The rotting devil barely misses you. The giant frog closely misses you.
You block the orc's attack. The orange demon closely misses you.
The rotting devil hits you.
* * * LOW HITPOINT WARNING * * *
The giant frog closely misses you.
Use which ability? (? or * to list)
Your skin crawls.
You feel resistant to hostile enchantments.
You feel slightly more hungry. The giant frog barely misses you.
The orange demon barely misses you. The orc barely misses you.
The rotting devil completely misses you.
The giant frog barely misses you. The orange demon completely misses you.
The giant frog hits you.
* * * LOW HITPOINT WARNING * * *
You block the orc's attack. The orange demon completely misses you.
The giant frog hits you!
You die...

#.................#
#......##...#.....#
#...###############
#....(....... ..
#..####....#### ..#
#.##..##..##((##..##
#.#.........ยง)4......
#.#.........4F.......
#.##..##..##@o##..##.
#..####....####
#...............
###############


You could see an orange demon, a rotting devil, a giant frog and an orc.

Vanquished Creatures
  An orange demon (D:6)
  Grinder (D:4)
  An orc warrior (D:6)
  A centaur (D:6)
  Eustachio (D:5)
  An ogre (D:4)
  Duvessa (D:4)
  A giant frog (D:3)
  2 hounds
  Dowan (D:4)
  A crimson imp (D:5)
  2 iguanas
  A centaur skeleton (D:5)
  A water moccasin (D:4)
  An orc priest (D:3)
  4 scorpions
  3 orc wizards (D:6)
  2 worker ants
  3 gnolls (D:6)
  11 adders
  A giant mite (D:2)
  2 worms (D:3)
  Ijyb (D:4)
  A giant eyeball (D:5)
  3 giant geckos
  4 oozes
  11 orcs
  12 bats
  7 giant cockroaches
  10 goblins
  2 grey rats (D:5)
  12 hobgoblins
  4 jackals
  18 kobolds
  5 quokkas
  2 ball pythons
  6 giant newts
  A kobold skeleton (D:4)
  8 rats
150 creatures vanquished.

Notes
Turn   | Place    | Note
--------------------------------------------------------------
     0 | D:1      | Leibowitz, the Kobold Fighter, began the quest for the Orb.
     0 | D:1      | Reached XP level 1. HP: 14/14 MP: 0/0
   153 | D:1      | Reached skill level 1 in Stealth
   153 | D:1      | Reached XP level 2. HP: 19/19 MP: 1/1
   407 | D:1      | Reached XP level 3. HP: 22/24 MP: 2/2
   484 | D:1      | Found a glowing golden altar of the Shining One.
  1140 | D:2      | Found a bloodstained altar of Trog.
  1176 | D:2      | Became a worshipper of Trog the Wrathful
  1300 | D:2      | Reached skill level 1 in Dodging
  1395 | D:2      | Reached XP level 4. HP: 24/28 MP: 3/3
  1752 | D:2      | Paralysed by a potion of paralysis for 4 turns
  2231 | D:3      | Reached XP level 5. HP: 21/33 MP: 4/4
  2240 | D:3      | Acquired Trog's first power
  2725 | D:3      | Found a deep blue altar of Sif Muna.
  2729 | D:3      | Noticed a giant frog
  2752 | D:3      | Killed a giant frog
  2752 | D:3      | Reached skill level 4 in Fighting
  2752 | D:3      | Reached XP level 6. HP: 13/39 MP: 5/5
  3200 | D:4      | Found Caorche's Assorted Antiques.
  3221 | D:4      | Bought a scroll labeled MOFENN MUCOSU for 18 gold pieces
  3221 | D:4      | Bought a brown potion for 16 gold pieces
  3221 | D:4      | Bought a scroll labeled ECESMAL PHAO for 18 gold pieces
  3221 | D:4      | Bought a scroll labeled WIADUS GALOUPT for 18 gold pieces
  3221 | D:4      | Bought a scroll labeled KIAVVEUGERCH for 18 gold pieces
  3535 | D:4      | Reached skill level 1 in Evocations
  3811 | D:4      | Noticed Grinder
  3827 | D:4      | Paralysed by Grinder for 5 turns
  3843 | D:4      | Killed Grinder
  3843 | D:4      | Reached XP level 7. HP: 18/43 MP: 7/7
  4088 | D:4      | Reached skill level 5 in Dodging
  4097 | D:4      | Noticed Duvessa
  4097 | D:4      | Noticed Dowan
  4102 | D:4      | Killed Dowan
  4115 | D:4      | Killed Duvessa
  4224 | D:4      | Noticed Ijyb
  4235 | D:4      | Killed Ijyb
  4267 | D:4      | Reached XP level 8. HP: 48/48 MP: 8/8
  4351 | D:4      | Acquired Trog's second power
  4571 | D:4      | Found Xeyqe's Serpentskin Sales.
  4591 | D:4      | Reached skill level 5 in Stealth
  4608 | D:4      | HP: 2/48 [poisoned by an adder]
  4892 | D:5      | Entered Level 5 of the Dungeon
  5244 | D:5      | Noticed Eustachio
  5256 | D:5      | Killed Eustachio
  5256 | D:5      | Reached skill level 5 in Fighting
  5422 | D:4      | Bought a +1,+1 dagger of venom for 133 gold pieces
  5482 | D:5      | Found a burning altar of Makhleb.
  5509 | D:5      | Reached skill level 6 in Dodging
  6054 | D:6      | Found Wiocozimo's Antique Armour Shop.
  6234 | D:6      | Found a blossoming altar of Fedhas.
  6431 | D:6      | Noticed an orange demon
  6436 | D:6      | Noticed an orange demon
  6445 | D:6      | Killed an orange demon
  6445 | D:6      | Reached skill level 7 in Dodging
  6445 | D:6      | Reached XP level 9. HP: 46/54 MP: 10/10
  6463 | D:6      | Slain by a giant frog

Action                   |  1- 3 |  4- 6 |  7- 9 || total
-------------------------+-------+-------+-------++-------
Melee: Short sword       |   128 |   184 |   143 ||   455
       Dagger            |       |       |   165 ||   165
Throw: Spear             |       |    12 |     5 ||    17
Invok: Berserk           |       |     3 |     4 ||     7
       Trog's Hand       |       |       |     1 ||     1
Evoke: Wand              |       |     8 |     3 ||    11
  Use: Potion            |       |     4 |     6 ||    10
 Stab: Sleeping          |       |     1 |    14 ||    15
